 Dungeon Crawl Stone Soup version 0.30-a0-748-ge6a52f7cba (webtiles) character file.

Game seed: 347299018027588258

3679 NinjaNoafa the Nimble (level 9, -4/41 (42) HPs)
             Began as a Felid Summoner on Feb 8, 2023.
             Was an Initiate of Gozag.
             Shot with an arrow by a centaur warrior (16 damage)
             ... on level 9 of the Dungeon.
             The game lasted 00:45:17 (8875 turns).

NinjaNoafa the Nimble (Felid Summoner)              Turns: 8875, Time: 00:45:18

HP:   -4/41 (42)    AC:  2    Str:  4    XL:     9   Next: 90%
MP:   4/21          EV: 22    Int: 21    God:    Gozag
Gold: 978           SH:  0    Dex: 16    Spells: 10/23 levels left
                                        Lives: 0   Deaths: 2

rFire   . . .      SeeInvis +    (weapon unavailable)
rCold   . . .      Faith    .    (shield unavailable)
rNeg    . . .      Spirit   .    (body armour unavailable)
rPois   +          Reflect  .    (helmet unavailable)
rElec   .          Harm     .    (cloak unavailable)
rCorr   .          Rampage  .    (gloves unavailable)
Will    +....                    (boots unavailable)
Stlth   ++                       (no amulet)
HPRegen 0.26/turn                o - ring of poison resistance
MPRegen 0.17/turn                (no ring)

@: lightly drained, quick
A: very small, claws 1, fangs 3, see invisible, speed 1, shaggy fur 2, stealthy
paws, no weapons or thrown items, no armour, multi-lived
a: Renounce Religion, Potion Petition, Call Merchant, Bribe Branch


You were on level 9 of the Dungeon.
You worshipped Gozag.
Gozag was pleased with you.
You visited 2 branches of the dungeon, and saw 10 of its levels.
You also visited: Sewer.

You collected 1023 gold pieces.
You paid 45 gold pieces to Gozag.

Inventory:

Jewellery
 o - a ring of poison resistance (left paw)
 r - a ring of ice
Wands
 f - a wand of acid (4)
 u - a wand of flame (19)
 v - a wand of iceblast (7)
Scrolls
 a - a scroll of torment
 b - a scroll of immolation
 e - 3 scrolls of teleportation
 h - a scroll of poison
 q - a scroll of vulnerability {unknown}
 t - 4 scrolls of noise {unknown}
 w - a scroll of blinking
 y - a scroll of amnesia {unknown}
 z - a scroll of identify
Potions
 c - 2 potions of flight
 d - 2 potions of resistance
 g - 2 potions of curing
 i - a potion of haste
 j - 2 potions of cancellation
 k - a potion of brilliance {unknown}
 l - a potion of magic
 m - a potion of invisibility {unknown}
 n - a potion of heal wounds {unknown}
 p - a potion of berserk rage {unknown}
 s - a potion of might {unknown}
 x - 2 potions of lignification {unknown}


   Skills:
 + Level 6.4 Fighting
 + Level 8.6 Dodging
 - Level 2.6 Stealth
 + Level 7.5 Spellcasting
 - Level 5.0 Hexes
 + Level 8.2 Summonings
 * Level 5.2 Air Magic
 - Level 2.0 Evocations


You had 10 spell levels left.
You knew the following spells:

 Your Spells              Type           Power      Damage    Failure   Level
a - Summon Small Mammal   Summ           100%       N/A       1%          1
b - Call Imp              Summ           42%        N/A       1%          2
c - Call Canine Familiar  Summ           42%        N/A       1%          3
d - Summon Guardian Gole  Hex/Summ       35%        N/A       1%          3
e - Summon Lightning Spi  Summ/Air       36%        N/A       5%          4

Your spell library contained the following spells:

 Spells                   Type           Power      Damage    Failure   Level
 Slow                     Hex            100%       N/A       1%          1
 Confusing Touch          Hex            28%        N/A       3%          3
 Necrotise                Necr           28%        1d5       9%          1
 Scorch                   Fire           14%        2d6       13%         2
 Sublimation of Blood     Necr           7%         N/A       13%         2
 Wereblood                Tmut           7%         N/A       13%         2
 Vampiric Draining        Necr           7%         2d6       26%         3
 Summon Cactus Giant      Summ           21%        N/A       41%         6
 Flame Wave               Conj/Fire      7%         2d5       63%         4
 Agony                    Necr           7%         N/A       93%         5
 Summon Hydra             Summ           21%        N/A       94%         7


Dungeon Overview and Level Annotations

Branches:
Dungeon (9/15)             Temple (1/1) D:5           Sewer (visited)
   Lair: D:8-11         Orc: D:9-12

Altars:
Ashenzari
Cheibriados
Dithmenos
Elyvilon
Fedhas
Gozag
Hepliaklqana
Kikubaaqudgha
Makhleb
Okawaru
Qazlal
Ru
Sif Muna
Trog
Uskayaw
Vehumet
Wu Jian
Xom
Zin
The Shining One

Shops:
D:2 (

Annotations:
D:6 3 runed translucent doors, NinjaNoafa's ghost, novice DrCj


Innate Abilities, Weirdness & Mutations

You have sharp claws.
You have razor-sharp teeth.
You have supernaturally acute eyesight. (SInv)
You cover ground quickly. (Speed+)
You are covered in thick fur. (AC +2)
Your paws help you pounce on unaware monsters.
You are incapable of wielding weapons or throwing items.
You cannot wear armour.
You gain extra lives every three experience levels.


Message History

Something stings your guardian golem.
Something hits your guardian golem but does no damage.
The wyvern bites your lightning spire.
The wyvern bites your lightning spire but does no damage.
Aiming: Corrosive Bolt
Press: ? - help, Shift-Dir - straight line, p - killer bee
Okay, then.
The killer bee attacks as you move away!
The killer bee misses you. Something bites your lightning spire!
Something stings your lightning spire. The killer bee misses you.
Something bites your lightning spire!
Your lightning spire is destroyed!
Your lightning spire disappears in a puff of smoke!
The killer bee stings you.
A killer bee comes into view.
The killer bee buzzes angrily.
A wight comes into view. It is wielding a +5 dagger.
The killer bee closely misses you.
As you read the scroll of teleportation, it crumbles to dust.
You feel strangely unstable. The killer bee completely misses you.
The killer bee stings you!
* * * LOW HITPOINT WARNING * * *
The killer bee closely misses you. The killer bee barely misses you.
The killer bee stings you.
* * * LOW HITPOINT WARNING * * *
The killer bee completely misses you. The wight hits you with a +5 dagger.
* * * LOW HITPOINT WARNING * * *
You feel drained.
* * * LOW HITPOINT WARNING * * *
The killer bee completely misses you. x2; The killer bee closely misses you.
Your surroundings suddenly seem different.
A tengu warrior and a centaur warrior come into view.
Found an embroidered scarf and a scroll of teleportation.
The tengu warrior shouts!
The centaur warrior shouts!
You hear a bellow!
You hear an angry hiss.
You hear a shout! x3
The centaur warrior wields a +0 shortbow.
The centaur warrior shoots an arrow.
The arrow hits you!
You die...
Your body crumbles into a pile of gold.

##...............#
#..####..........##
#.##[?####........###
#.##.... ###...8....#
#.##... ##.......)
#.##..# #........
#.##..# ##.......
#.##..# #'##....
#.##@.# #..####.
#.##..#####. ##..y.##
#.##Q.....Kl #..yz..
#.##....c.o. #..#...
#.##'##########.y##..
#.##..9...Y....Y.###.
#.##...ly........# .
#.##..############ #
#.##....


You could see a tengu warrior and a centaur warrior.

Vanquished Creatures
  A centaur (D:9)
  An electric eel (D:8)
  3 giant cockroaches
  A quokka (D:3)
6 creatures vanquished.

Vanquished Creatures (collateral kills)
  Grinder (D:5)
  Sigmund (D:5)
  5 steam dragons
  A phantom (D:4)
  4 kobold brigands
  2 necrophages
  3 bullfrogs
  A scorpion (D:5)
  An electric eel (D:6)
  4 orc priests
  2 hounds
  Crazy Yiuf (D:2)
  An iguana (D:4)
  11 orc wizards
  15 adders
  6 gnolls
  A shadow imp (D:8)
  A white imp (D:8)
  3 worms
  4 dart slugs
  29 orcs
  An endoplasm (D:1)
  2 giant cockroaches
  7 goblins
  5 hobgoblins
  7 jackals
  8 ball pythons
  14 bats
  4 frilled lizards
  23 kobolds
  7 rats
175 creatures vanquished.

Vanquished Creatures (others)
  3 slime creatures (D:9)
  Joseph (D:7)
  Maggie (D:7)
  A troll (D:9)
  Prince Ribbit (D:5)
  A hornet (D:8)
  A water moccasin (D:9)
  A black bear (D:6)
  An ice beast (D:6)
  Blork the orc (D:8)
  A bullfrog (D:8)
  A gnoll sergeant (D:6)
  4 wights (D:8)
  5 killer bees (D:9)
  A jelly (D:5)
  An orc wizard (D:6)
  An adder (D:6)
  18 plants
44 creatures vanquished.

Grand Total: 225 creatures vanquished

Notes
Turn   | Place    | Note
-------+----------+-------------------------------------------
     0 | D:1      | NinjaNoafa the Felid Summoner began the quest for the Orb.
     0 | D:1      | Reached XP level 1. HP: 7/7 MP: 4/4
   269 | D:1      | Reached XP level 2. HP: 11/11 MP: 4/6
   292 | D:1      | Learned a level 2 spell: Call Imp
   976 | D:1      | Reached XP level 3. HP: 14/14 MP: 1/8
   986 | D:1      | Learned a level 3 spell: Call Canine Familiar
  1533 | D:2      | Found a runed translucent door.
  1534 | D:2      | Noticed Crazy Yiuf
  1618 | D:2      | Found Zudy's Antique Weapon Shop.
  1635 | D:2      | Killed Crazy Yiuf
  1636 | D:2      | Reached skill level 5 in Summonings
  1636 | D:2      | Reached XP level 4. HP: 17/18 MP: 0/9
  1831 | D:2      | Found a blossoming altar of Fedhas.
  2005 | D:3      | Found a faded altar of an unknown god.
  2022 | D:3      | Found an ornate altar of the Wu Jian Council.
  2074 | D:3      | Found a shadowy altar of Dithmenos.
  2107 | D:3      | Reached XP level 5. HP: 3/21 MP: 6/11
  2118 | D:3      | HP: 1/21 [adder (2)]
  2156 | D:3      | Learned a level 3 spell: Summon Guardian Golem
  2229 | D:3      | Found a burning altar of Makhleb.
  2334 | D:3      | Reached skill level 1 in Fighting
  2387 | D:3      | Reached skill level 1 in Hexes
  2592 | D:4      | Noticed a phantom
  2638 | D:4      | Killed a phantom
  2639 | D:4      | Gained mutation: You are covered in thick fur. (AC +2)
                  | [Felid growth]
  2639 | D:4      | Reached XP level 6. HP: 25/25 MP: 5/13
  3327 | D:4      | Reached skill level 5 in Hexes
  3336 | D:5      | Entered Level 5 of the Dungeon
  3336 | D:5      | Noticed Grinder
  3415 | D:5      | Killed Grinder
  3416 | D:5      | Reached skill level 5 in Spellcasting
  3416 | D:5      | Reached XP level 7. HP: 28/28 MP: 1/15
  3440 | D:5      | Found a glowing silver altar of Zin.
  3524 | D:5      | Noticed Sigmund
  3538 | D:5      | Noticed Blork the orc
  3550 | D:5      | Killed Sigmund
  3848 | D:5      | Noticed Prince Ribbit
  3863 | D:5      | HP: 1/30 [Prince Ribbit (14)]
  3876 | D:5      | Killed Prince Ribbit
  3877 | D:5      | Reached XP level 8. HP: 4/34 MP: 8/17
  4041 | D:5      | Found a glowing drain.
  4046 | Sewer    | Entered a sewer
  4566 | D:5      | Found a staircase to the Ecumenical Temple.
  4577 | Temple   | Entered the Ecumenical Temple
  4666 | Temple   | Became a worshipper of Gozag Ym Sagoz the Greedy
  4836 | D:6      | Reached skill level 5 in Dodging
  4888 | D:6      | Found a runed translucent gate.
  4889 | D:6      | Found a runed translucent gate.
  4890 | D:6      | Found a runed translucent gate.
  4890 | D:6      | Noticed NinjaNoafa's ghost (novice DrCj)
  4913 | D:6      | Identified the +1 chain mail of Somewhere Else {Int+2}
  5174 | D:6      | Found a faded altar of an unknown god.
  5287 | D:6      | Found a hazy altar of Hepliaklqana.
  5288 | D:6      | Found a faded altar of an unknown god.
  5410 | D:6      | Found a white marble altar of Elyvilon.
  5601 | D:7      | Reached XP level 9. HP: 39/39 MP: 15/19
  5606 | D:7      | Learned a level 4 spell: Summon Lightning Spire
  5874 | D:7      | Noticed Maggie
  5906 | D:7      | Killed Maggie
  5907 | D:7      | Reached skill level 1 in Air Magic
  6073 | D:7      | Noticed Joseph
  6077 | D:7      | Shot with a sling bullet by Joseph
  6078 | D:7      | Reached XP level 8. HP: -1/36 MP: 17/19
  6686 | D:8      | Reached skill level 5 in Fighting
  6699 | D:8      | Reached skill level 1 in Evocations
  6765 | D:8      | Found a sacrificial altar of Ru.
  6992 | D:8      | Killed from afar by a white imp
  6993 | D:8      | Reached XP level 7. HP: -2/33 MP: 16/18
  7085 | D:8      | Noticed a steam dragon
  7397 | D:8      | Reached XP level 8. HP: 37/37 MP: 13/19
  7668 | D:8      | Noticed a hornet
  7682 | D:8      | Killed a hornet
  7837 | D:8      | Killed Blork the orc
  8483 | D:7      | Killed Joseph
  8484 | D:7      | Reached XP level 9. HP: 41/41 MP: 10/20
  8711 | D:9      | Killed a large slime creature
  8717 | D:9      | Noticed a troll
  8722 | D:9      | Killed a troll
  8735 | D:9      | Killed a large slime creature
  8736 | D:9      | Reached skill level 5 in Air Magic
  8875 | D:9      | Noticed a tengu warrior
  8875 | D:9      | Noticed a centaur warrior
  8875 | D:9      | Shot with an arrow by a centaur warrior

Illustrated notes

Levels and vault maps discovered:
D:1:      wander_arrival_chamber, layout_loops_corners
D:2:      layout_loops_ring, serial_shops, nicolae_shop_statue_plus,
          basic_altar, uniq_crazy_yiuf_cottage
D:3:      layout_basic, mainiacjoe_overflow_surrounded_room,
          nzn_wu_jian_contemplation, nicolae_overflow_hidden_temple,
          bloody_makhleb, ebering_ecumenical_altar_abandoned,
          grunt_ministairs_12
D:4:      layout_loops_cross, grunt_ministairs_5
D:5:      layout_cave_pools, mainiacjoe_overflow_boulevard, temple_green,
          portal_sewer_entry_e, uniq_sigmund, uniq_prince_ribbit1, uniq_grinder,
          uniq_blork_the_orc
D:6:      layout_rooms, nicolae_elyvilon_temple_path,
          nicolae_hepliaklqana_ecumenical_no_more, biasface_ghost_orc_armoury
D:7:      layout_basic, uniq_maggie, uniq_joseph
D:8:      layout_loops_corners, nicolae_ru_great_annihilating_truth,
          kennysheep_flooded_box, kennysheep_generic_room_2
D:9:      minmay_quarter_circles, layout_basic, serial_park_tiny_2,
          fountainhead, nicolae_elevator_lobby_asterisk
Temple:   eino_narrow_crystal_temple

Skill      XL: |  1  2  3  4  5  6  7  8  9 |
---------------+----------------------------+-----
Spellcasting   | 3 4 5 7 |  7.5
Summonings     | 5 6 7 8 |  8.2
Fighting       | 1 2 5 6 |  6.4
Dodging        | 3 4 8 |  8.6
Hexes          | 3 5 |  5.0
Air Magic      | 4 5 |  5.2
Evocations     | 2 |  2.0
Stealth        | |  2.6

Action                     |  1- 3 |  4- 6 |  7- 9 || total
---------------------------+-------+-------+-------++-------
  Melee: Unarmed           |     6 |    14 |    17 ||    37
         Bite              |       |     3 |     2 ||     5
   Cast: Summon Small Mamm |    36 |    32 |    44 ||   112
         Call Imp          |     9 |    19 |    27 ||    55
         Call Canine Famil |     7 |    17 |    36 ||    60
         Summon Guardian G |       |     5 |    58 ||    63
         Summon Lightning  |       |       |    17 ||    17
  Evoke: Wand              |       |     2 |     7 ||     9
    Use: Potion            |     1 |     1 |     2 ||     4
         Scroll            |       |     6 |     9 ||    15
   Stab: Betrayed ally     |       |       |     1 ||     1
 Armour: Skin              |     4 |     7 |     8 ||    19
  Dodge: Dodged            |    54 |    60 |   135 ||   249

Table legend: (Time is in decaauts)
 A = Elapsed time spent in this place.
 B = Non-inter-level travel time spent in this place.
 C = Inter-level travel time spent in this place.
 D = Time resting spent in this place.
 E = Time spent auto-exploring this place.
 F = Levels seen in this place.
 G = Mean time per level.
                   A        B        C        D        E       F      G
               +--------+--------+--------+--------+--------+-----+--------+
         Total |   7597 |   6037 |   1560 |    130 |    243 |  11 |  690.6 |
       Dungeon |   7168 |   5620 |   1548 |    102 |    157 |   9 |  796.4 |
        Temple |     84 |     72 |     12 |      0 |     25 |   1 |   84.0 |
         Sewer |    345 |    345 |      0 |     28 |     60 |   1 |  345.0 |
               +--------+--------+--------+--------+--------+-----+--------+

Top non-repeatable levels by time:
     D:8: 1222 daAuts
     D:1: 1164 daAuts
     D:7: 1134 daAuts
     D:4: 859 daAuts
     D:5: 702 daAuts
     D:6: 629 daAuts
     D:3: 509 daAuts
     D:9: 508 daAuts
     D:2: 436 daAuts
   Sewer: 345 daAuts
  Temple: 84 daAuts
